 Dungeon Crawl Stone Soup version 0.23-a0-78-gc252fe1 (webtiles) character file.

2557 Amnesiac the Zephyrmancer (level 9, -5/57 HPs)
             Began as a Mummy Air Elementalist on Aug 10, 2018.
             Was an Elder of Sif Muna.
             Slain by an ogre
             ... wielding a +0 giant club
              (28 damage)
             ... on level 8 of the Dungeon.
             The game lasted 00:12:56 (6617 turns).

Amnesiac the Zephyrmancer (Mummy Air Elementalist)  Turns: 6617, Time: 00:12:57

Health: -5/57      AC:  3    Str: 12    XL:     9   Next: 31%
Magic:  0/22       EV: 12    Int: 17    God:    Sif Muna [****..]
Gold:   466        SH:  0    Dex: 12    Spells: 22/26 levels left

rFire    x . .     SeeInvis +   p - +1 spear of Attainder {flame, Stlth+}
rCold    + . .     Gourm    .   (no shield)
rNeg     + + +     Faith    .   b - +0 robe
rPois    ∞         Spirit   .   (no helmet)
rElec    .         Reflect  .   (no cloak)
rCorr    .         Harm     .   n - +0 pair of gloves
MR       +....                  (no boots)
Stlth    ++++......             (no amulet)
HPRegen  0.19/turn              e - ring of stealth
MPRegen  0.18/turn              l - ring of see invisible

@: no casting
A: no food or potions, fire vulnerability, cold resistance 1, negative energy
resistance 3, torment resistance, unbreathing
a: Stop Divine Energy, Channel Magic, Forget Spell, Renounce Religion


You were on level 8 of the Dungeon.
You worshipped Sif Muna.
Sif Muna was greatly pleased with you.
You were not hungry.

You visited 2 branches of the dungeon, and saw 9 of its levels.
You also visited: Ossuary.

You collected 466 gold pieces.

Inventory:

Hand Weapons
 a - a +0 hunting sling
 p - the +1 spear of Attainder (weapon) {flame, Stlth+}
   (You found it on level 6 of the Dungeon)

   It has been specially enchanted to burn those struck by it, causing extra
   injury to most foes and up to half again as much damage against particularly
   susceptible opponents.
   It makes you more stealthy.
Missiles
 d - 257 stones (quivered)
 q - 38 sling bullets
Armour
 b - a +0 robe (worn)
 i - a +0 buckler
 n - a +0 pair of gloves (worn)
 u - the +0 robe "Qixtiz" {+Blink rF+ Int-4}
   (You found it on level 8 of the Dungeon)

   It affects your intelligence (-4).
   It protects you from fire.
   It lets you blink.
 v - a +1 leather armour of poison resistance
Jewellery
 e - a ring of stealth (left hand)
 l - a ring of see invisible (right hand)
Wands
 m - a wand of random effects (15)
 t - a wand of paralysis (16)
Scrolls
 c - 2 scrolls of fear {!r}
 f - 2 scrolls of remove curse {!r}
 g - 2 scrolls of identify {!r}
 h - 5 scrolls of teleportation {!r}
 j - a scroll of brand weapon {!r}
 k - a scroll of magic mapping {!r}
 o - 2 scrolls of enchant weapon {!r, unknown}
 r - 2 scrolls of vulnerability {!r}
 s - 3 scrolls of enchant armour {!r, unknown}


   Skills:
 - Level 1.5 Dodging
 - Level 1.5 Stealth
 + Level 9.1 Spellcasting
   Level 0.7 Conjurations
 * Level 9.1 Air Magic


You had 22 spell levels left.
You knew the following spells:

 Your Spells              Type           Power        Failure   Level  Hunger
a - Airstrike             Air            #####.....   2%          4    N/A

Your spell library contained the following spells:

 Spells                   Type           Power        Failure   Level  Hunger
 Lightning Bolt           Conj/Air       ###.......   34%         5    N/A
 Shock                    Conj/Air       ###.         1%          1    N/A
 Swiftness                Chrm/Air       ###.....     2%          2    N/A
 Static Discharge         Conj/Air       ###.....     3%          3    N/A

Dungeon Overview and Level Annotations

Branches:
Dungeon (8/15)             Temple (1/1) D:4            Lair (0/6) D:8

Altars:
Ashenzari
Cheibriados
Dithmenos
Elyvilon
Fedhas
Gozag
Hepliaklqana
Kikubaaqudgha
Makhleb
Okawaru
Qazlal
Ru
Sif Muna
Trog
Vehumet
Wu Jian
Xom
Yredelemnul
Zin
The Shining One

Shops:
D:6 *


Innate Abilities, Weirdness & Mutations

You do not eat or drink.
Your flesh is vulnerable to fire.
You are immune to poison.
Your flesh is cold resistant. (rC+)
You are immune to negative energy. (rN+++)
You are immune to unholy pain and torment.
You can survive without breathing.


Message History

Aiming: Airstrike (safe; 2% risk of failure)
Press: ? - help, Dir - move target cursor, f - orc
Aim: an orc, wielding a hand axe The air twists around and strikes the orc!
You kill the orc!
Sif Muna accepts your kill. Sif Muna grants you divine energy.
You briefly lose access to your magic!
You are unable to access your magic!
You start resting.
An orc comes into view. It is wielding a trident.
An orc is nearby!
You regain access to your magic.
Casting: Airstrike (safe; 2% risk of failure)
Confirm with . or Enter, or press ? or * to list all spells.
Aiming: Airstrike (safe; 2% risk of failure)
Press: ? - help, Dir - move target cursor, f - orc
Aim: an orc, wielding a trident The air twists around and strikes the orc!
You kill the orc!
Sif Muna accepts your kill. Sif Muna grants you divine energy.
You briefly lose access to your magic!
You regain access to your magic.
Casting: Airstrike (safe; 2% risk of failure)
Confirm with . or Enter, or press ? or * to list all spells.
Aiming: Airstrike (safe; 2% risk of failure)
Press: ? - help, Dir - move target cursor, f - ogre
Aim: an ogre, wielding a giant club The air twists around and strikes the ogre!
The ogre is moderately wounded.
Sif Muna grants you divine energy.
You briefly lose access to your magic!
Evoke which item? (* to show all) (? for menu, Esc to quit)
Aiming: Random Effects
Press: ? - help, Shift-Dir - straight line, f/p - ogre
Aim: an ogre, wielding a giant club (moderately wounded)
The ogre flickers and vanishes for a moment.
Evoke which item? (* to show all) (? for menu, Esc to quit)
Aiming: Random Effects
Press: ? - help, Shift-Dir - straight line, f/p - ogre
Aim: an ogre, wielding a giant club (moderately wounded, slightly transparent)
The fireball explodes!
The fireball engulfs the ogre.
The ogre is heavily wounded.
You hear a shout! x7
Evoke which item? (* to show all) (? for menu, Esc to quit)
Aiming: Random Effects
Press: ? - help, Shift-Dir - straight line, f/p - ogre
Aim: an ogre, wielding a giant club (heavily wounded, slightly transparent) Nothing appears to happen.
Evoke which item? (* to show all) (? for menu, Esc to quit)
Aiming: Paralyse
Press: ? - help, Shift-Dir - straight line, f/p - ogre
Aim: an ogre, wielding a giant club (heavily wounded, slightly transparent, chance to defeat MR: 46%)
The ogre resists with some effort.
You regain access to your magic.
Casting: Airstrike (safe; 2% risk of failure)
Confirm with . or Enter, or press ? or * to list all spells.
Aiming: Airstrike (safe; 2% risk of failure)
Press: ? - help, Dir - move target cursor, f/p - ogre
Aim: an ogre, wielding a giant club (heavily wounded, slightly transparent)
The air twists around and strikes the ogre!
The ogre is almost dead.
Sif Muna grants you divine energy.
You briefly lose access to your magic!
The ogre hits you with a giant club!!
You die...

#####
#..@#
###
#..O#
#.##
#...#
#..###
#...#
###.....
#...##
#...####
#>...#
##.### #
#...##
#..# #
#...#


oOo ##.###### #..)# ooo #...O... You could see an ogre (invisible).

Vanquished Creatures
  Joseph (D:7)
  A hippogriff (D:7)
  A hungry ghost (D:6)
  Menkaure (D:7)
  4 sky beasts
  An ice beast (D:5)
  A centaur (D:7)
  An ogre (D:8)
  An elf zombie (Ossuary)
  2 bullfrogs
  3 crimson imps
  2 centaur zombies
  3 hounds
  A jelly (D:7)
  A gnoll shaman (D:8)
  A bullfrog skeleton (D:4)
  2 orc priests
  2 iguanas (D:6)
  A human zombie (Ossuary)
  An orc wizard (D:3)
  3 worker ants
  A big kobold zombie (Ossuary)
  A hound skeleton (D:4)
  2 mummies (Ossuary)
  A worker ant zombie (D:7)
  A howler monkey skeleton (D:4)
  6 adders
  10 gnolls
  2 shadow imps
  2 oozes
  3 adder zombies
  A worm (D:2)
  3 dart slugs
  6 leopard geckos
  17 orcs
  2 ball pythons
  10 bats
  4 giant cockroaches
  10 goblins
  13 hobgoblins
  11 jackals
  A quokka (D:2)
  4 frilled lizards
  3 goblin zombies (Ossuary)
  12 hobgoblin zombies (Ossuary)
  A jackal zombie (D:8)
  10 kobolds
  8 kobold zombies (Ossuary)
  A leopard gecko skeleton (D:6)
  5 orc zombies (Ossuary)
  11 rats
  2 rat zombies (Ossuary)
198 creatures vanquished.

Notes
Turn   | Place    | Note
-------+----------+-------------------------------------------
     0 | D:1      | Amnesiac the Mummy Air Elementalist began the quest for the Orb.
     0 | D:1      | Reached XP level 1. HP: 13/13 MP: 4/4
   148 | D:1      | Reached XP level 2. HP: 17/19 MP: 0/5
   405 | D:3      | Reached XP level 3. HP: 19/24 MP: 0/7
   886 | D:4      | Reached XP level 4. HP: 21/30 MP: 9/9
   926 | D:4      | Learned a level 4 spell: Airstrike
  1140 | D:4      | Found a staircase to the Ecumenical Temple.
  1159 | Temple   | Entered the Ecumenical Temple
  1458 | Temple   | Became a worshipper of Sif Muna the Loreminder
  1746 | D:2      | Found a basalt altar of Yredelemnul.
  1770 | D:2      | Reached XP level 5. HP: 35/35 MP: 1/11
  2850 | D:2      | Noticed a sky beast
  2909 | D:2      | Killed a sky beast
  2909 | D:2      | Reached * piety under Sif Muna
  2909 | D:2      | Reached XP level 6. HP: 13/41 MP: 1/13
  2998 | D:3      | Found an opulent altar of Gozag.
  3072 | D:3      | Reached skill level 5 in Air Magic
  3097 | D:3      | Reached skill level 5 in Spellcasting
  3652 | D:5      | Entered Level 5 of the Dungeon
  3749 | D:5      | Noticed a sky beast
  3760 | D:5      | Killed a sky beast
  3760 | D:5      | Reached XP level 7. HP: 39/46 MP: 0/15
  3931 | D:5      | Found an iron altar of Okawaru.
  4314 | D:5      | Reached ** piety under Sif Muna
  4614 | D:6      | Got a transparent spear
  4615 | D:6      | Identified the cursed +1 spear of Attainder {flame, Stlth+} (You found it on level 6 of the Dungeon)
  4674 | D:6      | Found Vais's General Store.
  4716 | D:6      | Noticed a hungry ghost
  4719 | D:6      | Killed a hungry ghost
  4719 | D:6      | Reached XP level 8. HP: 43/52 MP: 0/18
  4891 | D:7      | Noticed Menkaure
  4896 | D:7      | Found a sand-covered staircase.
  4902 | Ossuary  | Entered an ossuary
  4953 | Ossuary  | Reached *** piety under Sif Muna
  5365 | D:7      | Killed Menkaure
  5480 | D:7      | Found a hazy altar of Hepliaklqana.
  5551 | D:7      | Noticed Joseph
  5808 | D:7      | Noticed a hippogriff
  5813 | D:7      | Killed a hippogriff
  5876 | D:7      | Reached XP level 9. HP: 26/57 MP: 0/21
  6108 | D:8      | Got a shimmering robe
  6119 | D:8      | Identified the cursed +0 robe "Qixtiz" {+Blink rF+ Int-4} (You found it on level 8 of the Dungeon)
  6210 | D:8      | Found a staircase to the Lair.
  6218 | D:8      | Noticed a two-headed ogre
  6522 | D:7      | Killed Joseph
  6522 | D:7      | Reached **** piety under Sif Muna
  6617 | D:8      | Slain by an ogre

Vault maps used:
D:1:      giann_forest_graveyard, kennysheep_decorative_pillar
D:2:      nicolae_overflow_crystal_walls
D:3:      marbit_many_paths
D:4:      minmay_temple_entry_purple_smoke, first_ration
D:5:      nicolae_overflow_hidden_temple
D:6:      serial_shops, shop
D:7:      enter_ossuary_2, basic_altar, uniq_menkaure, uniq_joseph
D:8:      amethyst_overflow_temple_binary, lair_entry_dummy, special_room,
          uniq_pikel
Temple:   minmay_temple_bridge_d
Ossuary:  ossuary_tomb_1

Skill      XL: |  1  2  3  4  5  6  7  8  9 |
---------------+----------------------------+-----
Spellcasting   | 3 4 5 7 8 9 |  9.1
Air Magic      | 3 4 5 7 8 9 |  9.1
Dodging        | |  1.5
Stealth        | |  1.5
Conjurations   | |  0.7

Action                   |  1- 3 |  4- 6 |  7- 9 || total
-------------------------+-------+-------+-------++-------
Melee: Spear             |       |       |    68 ||    68
 Fire: Hunting sling     |    76 |   175 |    30 ||   281
 Cast: Shock             |    36 |     9 |       ||    45
       Airstrike         |       |    40 |   156 ||   196
Invok: Divine Energy     |       |     1 |       ||     1
Evoke: Wand              |       |       |     6 ||     6
  Use: Scroll            |       |     8 |     6 ||    14
Armor: Robe              |    16 |    14 |    20 ||    50
Dodge: Dodged            |    34 |    56 |    59 ||   149

Table legend:
 A = Non-vault XP
 B = Vault XP
 C = Vault XP percentage of total XP
 D = Non-vault monster count
 E = Vault monster count
 F = Vault count percentage of total count
 G = Total turns spent on level
                 A         B        C        D         E       F
            +---------+---------+-------+---------+---------+-------
      Total |    2750 |     903 |  24.7 |     154 |      44 |  22.2
            +---------+---------+-------+---------+---------+-------
        D:1 |      58 |       0 |   0.0 |      32 |       0 |   0.0
        D:2 |     194 |       0 |   0.0 |      26 |       0 |   0.0
        D:3 |     209 |       2 |   0.9 |      28 |       1 |   3.4
        D:4 |     145 |       0 |   0.0 |      11 |       0 |   0.0
        D:5 |     500 |       0 |   0.0 |      18 |       0 |   0.0
        D:6 |     532 |       0 |   0.0 |      17 |       0 |   0.0
        D:7 |     863 |     611 |  41.5 |      14 |       2 |  12.5
        D:8 |     249 |       9 |   3.5 |       8 |       3 |  27.3
    Ossuary |       0 |     281 | 100.0 |       0 |      38 | 100.0
            +---------+---------+-------+---------+---------+-------
